 Dungeon Crawl Stone Soup version 0.28-a0-1429-gf3d713df7a (webtiles) character file.

Game seed: 17623806301449770100

18818 gimp the Thaumaturge (level 12, -1/68 HPs)
             Began as a Tengu Wanderer on Jan 9, 2022.
             Was an Elder of Vehumet.
             Slain by a cane toad (13 damage)
             ... on level 1 of the Lair of Beasts.
             The game lasted 00:41:16 (21640 turns).

gimp the Thaumaturge (Tengu Wanderer)              Turns: 21640, Time: 00:41:17

Health: -1/68      AC: 16    Str: 20    XL:     12   Next: 62%
Magic:  26/28      EV: 15    Int: 15    God:    Vehumet [****..]
Gold:   1145       SH: 10    Dex: 14    Spells: 22/33 levels left

rFire   . . .      SeeInvis +   a - +3 mace
rCold   . . .      Faith    .   j - +0 kite shield
rNeg    . . .      Spirit   .   h - +8 ring mail of Gorr {Str+5}
rPois   .          Reflect  .   (helmet restricted)
rElec   .          Harm     .   g - +0 cloak
rCorr   .          Rampage  .   J - +1 pair of gloves
Will    .....                   (boots unavailable)
Stlth   +.........              (no amulet)
HPRegen 0.21/turn               H - ring of see invisible
MPRegen 0.21/turn               (no ring)

@: flying quickly and evasively, quick
A: beak, talons 3, nimble flight
a: Renounce Religion


You were on level 1 of the Lair of Beasts.
You worshipped Vehumet.
Vehumet was greatly pleased with you.
You visited 4 branches of the dungeon, and saw 15 of its levels.

You collected 1561 gold pieces.
You spent 416 gold pieces at shops.

Inventory:

Hand Weapons
 a - a +3 mace (weapon)
 q - a +2 long sword of flaming
 B - a +2 morningstar
 C - a +3 flail of freezing
Missiles
 c - 14 poisoned darts
 A - 4 curare-tipped darts
 E - 3 throwing nets
Armour
 d - a +2 robe of fire resistance
 g - a +0 cloak (worn)
 h - the +8 ring mail of Gorr (worn) {Str+5}
   (You found it on level 3 of the Dungeon)

   Str:       It affects your strength (+5).
 j - a +0 kite shield (worn)
 l - a +0 buckler
 v - a +2 leather armour of cold resistance
 J - a +1 pair of gloves (worn)
 P - +0 acid dragon scales
Magical Staves
 b - a staff of death
Jewellery
 n - an amulet of faith
 H - a ring of see invisible (left hand)
Wands
 I - a wand of flame (11)
 O - a wand of charming (2)
Scrolls
 k - 2 scrolls of blinking
 m - a scroll of magic mapping
 o - 2 scrolls of fog
 p - 3 scrolls of teleportation
Potions
 e - a potion of resistance
 f - a potion of brilliance
 i - a potion of mutation
 r - 2 potions of heal wounds
 s - 6 potions of curing
 u - 5 potions of flight {unknown}
 x - 2 potions of haste {unknown}
 z - a potion of invisibility
 F - 2 potions of ambrosia
 L - 2 potions of might {unknown}
 M - a potion of berserk rage


   Skills:
 - Level 5.0 Fighting
 - Level 3.2 Maces & Flails
 - Level 3.0 Armour
 - Level 8.0 Dodging
 * Level 6.7 Shields
 + Level 11.3 Spellcasting
 - Level 9.2 Conjurations
 - Level 2.0 Transmutations
 + Level 4.8 Air Magic
 - Level 6.0 Poison Magic
 * Level 6.7 Evocations


You had 22 spell levels left.
You knew the following spells:

 Your Spells              Type           Power      Damage    Failure   Level
a - Sting                 Tmut/Pois      80%        1d7       7%          1
b - Mephitic Cloud        Conj/Pois/Air  28%        N/A       1%          3
c - Searing Ray           Conj           72%        2d7       1%          2
d - Lightning Bolt        Conj/Air       14%        1d28      16%         5

Your spell library contained the following spells:

 Spells                   Type           Power      Damage    Failure   Level
 Conjure Flame            Conj/Fire      22%        6-21      4%          3
 Ignite Poison            Fire/Tmut/Pois 16%        N/A       11%         3
 Swiftness                Air            23%        N/A       16%         3
 Sticky Flame             Conj/Fire      22%        2d4       16%         4
 Passwall                 Tmut/Erth      9%         N/A       36%         2
 Eringya's Noxious Bog    Tmut/Pois      10%        N/A       92%         6
 Summon Forest            Summ/Tloc      4%         N/A       100%        5
 Summon Hydra             Summ           4%         N/A       100%        7


Dungeon Overview and Level Annotations

Branches:
Dungeon (11/15)            Temple (1/1) D:5            Lair (1/6) D:9
    Orc (2/2) D:11            Elf (0/3) Orc:2

Altars:
Ashenzari
Cheibriados
Dithmenos
Elyvilon
Fedhas
Gozag
Hepliaklqana
Kikubaaqudgha
Makhleb
Nemelex Xobeh
Okawaru
Qazlal
Ru
Sif Muna
Trog
Uskayaw
Vehumet
Wu Jian
Xom
Yredelemnul
Zin
The Shining One
Beogh

Shops:
D:7 *   D:11 !   Orc:1 [

Portals:
Abyss: D:8

Annotations:
D:8 2 transporters, leviel's ghost, novice HOFi


Innate Abilities, Weirdness & Mutations

You have a beak for a mouth.
You have claws for feet.
Your magical nature lets you fly swiftly and evasively.


Message History

You take 14 damage, and have 42/68 hp.
MASSIVE DAMAGE!!
MP restored: 28 You hit the cane toad.
You claw the cane toad, but do no damage.
The cane toad is moderately wounded.
The cane toad stings you!!
You take 18 damage, and have 24/68 hp.
MASSIVE DAMAGE!!
Casting: Sting (safe; 7% risk of failure)
Confirm with . or Enter, or press ? or * to list all spells.
Aiming: Sting (safe; 7% risk of failure)
Press: ? - help, Shift-Dir - straight line, f/p - cane toad
Aim: a cane toad (moderately wounded, poisoned, 79% to hit)
The sting hits the cane toad.
The cane toad partially resists.
The cane toad looks even sicker.
The cane toad is heavily wounded.
The cane toad stings you!
* * * LOW HITPOINT WARNING * * *
You block the cane toad's attack.
You take 13 damage, and have 11/68 hp.
You now have 27/28 mp.
Aiming: Corrosive Bolt
Press: ? - help, Shift-Dir - straight line, f - yak, p - cane toad
Aim: a yak (lightly wounded, confused, 98% to hit)
The bolt of acid hits the cane toad!
The acid corrodes the cane toad!
The cane toad is severely wounded.
The bolt of acid hits the yak!
The acid corrodes the yak!
The yak is moderately wounded.
The now-empty wand crumbles to dust.
You block the cane toad's attack.
The yak seems less confused.
MP restored: 28
Okay, then.
Casting: Sting (safe; 7% risk of failure)
Confirm with . or Enter, or press ? or * to list all spells.
Aiming: Searing Ray (safe; 1% risk of failure)
Press: ? - help, Shift-Dir - straight line, f/p - yak
Aim: a yak (moderately wounded, covered in acid, 88% to hit)
The searing ray misses the cane toad.
The searing ray hits the yak!
The yak is heavily wounded. (Press . to maintain the ray.)
The cane toad stings you!
You die...

###
.#######.###############
.......@F.†Y............
.........###...#.###...#
.........###.##.###P...#
######....#..Y....##...P
#...##.......##...#
#...##.......##...#
#...##.......Y†Yh.#
....##.......##Y..#
#.......#....#


You could see a yak (corroded) and a cane toad (poisoned, corroded).

Vanquished Creatures
  An orc warlord (Orc:2)
  Harold (Orc:1)
  A hydra (D:11)
  4 two-headed ogres
  Sonja (Orc:2)
  An orc knight (Orc:2)
  A deep elf pyromancer (D:7)
  A cyclops (D:11)
  2 orc sorcerers
  2 centaur zombies (D:11)
  Maggie (D:6)
  A kobold demonologist (D:10)
  3 trolls
  Sigmund (D:3)
  A wraith (D:10)
  14 yaks
  3 wargs
  An acid dragon (D:11)
  2 water moccasins (D:9)
  19 orc warriors
  2 black bears
  An ice beast (D:6)
  3 sky beasts
  3 ogres
  A necrophage (D:5)
  9 centaurs
  2 kobold brigands (D:7)
  A phantom (D:5)
  Blork the orc (D:6)
  3 gnoll sergeants
  2 bullfrogs (D:8)
  7 scorpions
  21 killer bees
  8 wights
  3 hounds (D:5)
  A bullfrog zombie (D:5)
  3 jellies
  14 orc priests
  A bullfrog skeleton (D:5)
  An iguana (D:4)
  19 orc wizards
  A killer bee zombie (D:7)
  A howler monkey zombie (D:10)
  4 adders
  16 gnolls
  A howler monkey skeleton (D:6)
  A dart slug (D:1)
  65 orcs
  6 bats
  5 endoplasms
  A giant cockroach (D:1)
  5 goblins
  4 hobgoblins
  4 quokkas
  5 ball pythons
  2 frilled lizards
  20 kobolds
  5 rats
313 creatures vanquished.

Vanquished Creatures (collateral kills)
  A killer bee (D:8)
1 creature vanquished.

Vanquished Creatures (others)
  A plant (Lair:1)
1 creature vanquished.

Grand Total: 315 creatures vanquished

Notes
Turn   | Place    | Note
-------+----------+-------------------------------------------
     0 | D:1      | gimp the Tengu Wanderer began the quest for the Orb.
     0 | D:1      | gimp set off with the following items: a +3 mace, a +0
                  | leather armour; and the following spell memorised: Sting;
                  | and the following spells available to memorise: Mephitic
                  | Cloud
     0 | D:1      | Reached XP level 1. HP: 12/12 MP: 3/3
   328 | D:1      | Reached XP level 2. HP: 17/17 MP: 0/4
   753 | D:1      | Reached skill level 1 in Transmutations
   809 | D:1      | Found a faded altar of an unknown god.
  1443 | D:2      | Reached XP level 3. HP: 21/21 MP: 4/6
  1448 | D:2      | Learned a level 3 spell: Mephitic Cloud
  2717 | D:3      | Noticed an ogre
  2733 | D:3      | Killed an ogre
  2734 | D:3      | Reached skill level 2 in Spellcasting
  2734 | D:3      | Reached XP level 4. HP: 26/26 MP: 3/8
  2734 | D:3      | Gained mutation: Your magical nature lets you fly swiftly
                  | and evasively. [Tengu growth]
  2734 | D:3      | Reached XP level 5. HP: 30/30 MP: 3/9
  3047 | D:3      | Noticed Sigmund
  3061 | D:3      | Killed Sigmund
  3062 | D:3      | Reached skill level 5 in Poison Magic
  3062 | D:3      | Reached XP level 6. HP: 29/35 MP: 5/11
  3063 | D:3      | Identified the +8 ring mail of Gorr {Str+5}
  3483 | D:4      | Reached skill level 3 in Spellcasting
  4562 | D:5      | Entered Level 5 of the Dungeon
  4668 | D:5      | Noticed a sky beast
  4683 | D:5      | Killed a sky beast
  4684 | D:5      | Reached skill level 1 in Conjurations
  4684 | D:5      | Reached skill level 1 in Air Magic
  4684 | D:5      | Reached XP level 7. HP: 32/40 MP: 4/13
  5135 | D:5      | Reached skill level 4 in Spellcasting
  5135 | D:5      | Reached XP level 8. HP: 34/44 MP: 8/15
  5245 | D:5      | Found the +7 Throatcutter {drain, coup de grace}
  5394 | D:5      | Found a staircase to the Ecumenical Temple.
  5402 | Temple   | Entered the Ecumenical Temple
  5602 | Temple   | Became a worshipper of Vehumet
  6216 | D:6      | Reached skill level 5 in Conjurations
  6257 | D:6      | Reached skill level 5 in Spellcasting
  6376 | D:6      | Noticed Blork the orc
  6393 | D:6      | Killed Blork the orc
  7099 | D:6      | Noticed Maggie
  7124 | D:6      | Killed Maggie
  7125 | D:6      | Reached skill level 1 in Dodging
  7125 | D:6      | Reached XP level 9. HP: 47/49 MP: 9/18
  7239 | D:6      | Found an iron altar of Okawaru.
  7330 | D:6      | Reached skill level 6 in Spellcasting
  7426 | D:6      | Found a shimmering blue altar of Sif Muna.
  7733 | D:7      | Reached * piety under Vehumet
  7733 | D:7      | Offered knowledge of Sandblast by Vehumet.
  8232 | D:7      | Noticed a deep elf pyromancer
  8253 | D:7      | Killed a deep elf pyromancer
  8254 | D:7      | Reached skill level 7 in Spellcasting
  8411 | D:7      | Reached XP level 10. HP: 48/58 MP: 12/22
  8529 | D:7      | Found a blossoming altar of Fedhas.
  8531 | D:7      | Found a glowing silver altar of Zin.
  8537 | D:7      | Found a stormy altar of Qazlal.
  8540 | D:7      | Found a burning altar of Makhleb.
  8542 | D:7      | Found a snail-covered altar of Cheibriados.
  8547 | D:7      | Found an opulent altar of Gozag.
  8599 | D:7      | Found Vukek's Assorted Antiques.
  8763 | D:7      | Found a hide-covered altar of Uskayaw.
  9179 | D:6      | Reached skill level 8 in Spellcasting
  9343 | D:8      | Reached skill level 5 in Fighting
  9346 | D:8      | Reached ** piety under Vehumet
  9346 | D:8      | Offered knowledge of Searing Ray by Vehumet.
  9353 | D:8      | Learned a level 2 spell: Searing Ray
  9517 | D:7      | Reached skill level 5 in Dodging
  9639 | D:8      | Found a transporter.
  9640 | D:8      | Found a transporter.
  9653 | D:8      | Noticed a wizard
 10372 | D:8      | Noticed a sixfirhy
 10573 | D:8      | Noticed leviel's ghost (novice HOFi)
 10578 | D:8      | Found a one-way gate to the infinite horrors of the Abyss.
 10827 | D:9      | Reached skill level 9 in Spellcasting
 11328 | D:9      | Found a hazy altar of Hepliaklqana.
 11408 | D:9      | Found a staircase to the Lair.
 11474 | D:9      | Noticed a two-headed ogre
 11513 | D:9      | Killed a two-headed ogre
 11617 | D:9      | Offered knowledge of Poisonous Vapours by Vehumet.
 11849 | D:9      | Noticed a fire dragon
 11914 | D:9      | Noticed a two-headed ogre
 12033 | D:9      | Killed a two-headed ogre
 12034 | D:9      | Reached skill level 10 in Spellcasting
 12034 | D:9      | Reached XP level 11. HP: 33/63 MP: 14/26
 12243 | D:10     | Entered Level 10 of the Dungeon
 12408 | D:10     | Found a bloodstained altar of Trog.
 13381 | Lair:1   | Entered Level 1 of the Lair of Beasts
 13514 | D:11     | Noticed a two-headed ogre
 13911 | D:11     | Noticed a five-headed hydra
 14032 | D:11     | Reached skill level 11 in Spellcasting
 14441 | D:11     | Noticed a cyclops
 14449 | D:11     | Reached *** piety under Vehumet
 14912 | D:10     | Killed a two-headed ogre
 14913 | D:10     | Reached skill level 1 in Shields
 14913 | D:10     | Reached skill level 1 in Evocations
 15096 | D:11     | Killed a cyclops
 16174 | D:11     | Found a staircase to the Orcish Mines.
 16183 | Orc:1    | Entered Level 1 of the Orcish Mines
 16264 | D:11     | Offered knowledge of Airstrike by Vehumet.
 16498 | Orc:1    | Noticed Harold
 16585 | Orc:1    | Killed Harold
 16790 | Orc:1    | Noticed an orc sorcerer
 16807 | Orc:1    | Killed an orc sorcerer
 16977 | Orc:1    | Found Iwnus's Armour Shoppe.
 17337 | Orc:2    | Entered Level 2 of the Orcish Mines
 17364 | Orc:1    | Reached **** piety under Vehumet
 17590 | Orc:2    | Found a staircase to the Elven Halls.
 17672 | Orc:2    | Offered knowledge of Fulminant Prism by Vehumet.
 18128 | Orc:2    | Noticed Sonja
 18137 | Orc:2    | Killed Sonja
 18138 | Orc:2    | Reached XP level 12. HP: 21/68 MP: 21/28
 18637 | Orc:2    | Reached skill level 5 in Shields
 18675 | Orc:2    | Reached skill level 5 in Evocations
 18757 | Orc:2    | Noticed a two-headed ogre
 18782 | Orc:2    | Killed a two-headed ogre
 19204 | Orc:2    | Reached ***** piety under Vehumet
 19214 | Orc:2    | Offered knowledge of Lightning Bolt by Vehumet.
 19267 | Orc:2    | Learned a level 5 spell: Lightning Bolt
 19445 | Orc:2    | Noticed an orc warlord
 19550 | Orc:2    | Killed an orc warlord
 19686 | Orc:2    | Noticed an orc high priest
 20395 | D:11     | Found Tite's Distillery.
 20403 | D:11     | Bought a potion of heal wounds for 65 gold pieces
 20403 | D:11     | Bought a potion of mutation for 104 gold pieces
 20403 | D:11     | Bought a potion of ambrosia for 104 gold pieces
 20403 | D:11     | Bought a potion of lignification for 39 gold pieces
 20403 | D:11     | Bought a potion of attraction for 39 gold pieces
 20407 | D:11     | Bought a potion of berserk rage for 65 gold pieces
 20631 | D:11     | Killed a five-headed hydra
 21640 | Lair:1   | Slain by a cane toad

Illustrated notes

Levels and vault maps discovered:
D:1:      saegor_arrival_simple_e, layout_basic, ebering_ecumenical_altar_rust,
          minmay_split_cup_small
D:2:      layout_loops_corners
D:3:      layout_loops_cross, uniq_sigmund
D:4:      layout_basic, chequers_serial_rivers_marsh, hex_large
D:5:      layout_basic, minmay_temple_entry_tees
D:6:      layout_loops_corners, led_sif_pool, general_overflow_altar,
          uniq_maggie, uniq_blork_the_orc
D:7:      layout_rooms, nicolae_uskayaw_dance_studio,
          nicolae_overflow_hallway_of_the_gods, serial_shops,
          nicolae_shop_stone, serial_glass, glass_columns_b, glass_columns_b,
          glass_columns_a, glass_columns_b, kennysheep_windowed_goal
D:8:      layout_loops_ring, gammafunk_ghost_abyssal_escape, serial_glass,
          glass_columns_b, glass_columns_b, minivault_26
D:9:      layout_irregular_city, worldfamousw_hep_ancestral_shrine,
          minmay_lair_entry_lava, kennysheep_donut, columned_hall_lemuel
D:10:     layout_big_octagon, trog_three_pillars_becter, hangedman_glass_teeth,
          kennysheep_minor_cross
D:11:     layout_long_grid, david_orc_4, serial_shops, shop_statue
Temple:   minmay_temple_curvy_loop
Lair:1:   layout_regular_city, ebering_ghost_rock_garden, grunt_megastairs_4,
          uniq_joseph
Orc:1:    layout_diamond_mine, serial_shops, nicolae_shop_advertising_works
          [nicolae_subvault_shop_adworks], mines4_lemuel, uniq_harold
Orc:2:    st_orc_congregation, layout_caves, basic_altar,
          statue_in_the_mist_lemuel, uniq_sonja

Skill      XL: |  1  2  3  4  5  6  7  8  9 10 11 12 |
---------------+-------------------------------------+-----
Transmutations | 1 2 |  2.0
Spellcasting   | 2 3 4 5 7 10 11 | 11.3
Poison Magic   | 4 5 6 |  6.0
Conjurations   | 1 4 7 8 9 |  9.2
Air Magic      | 1 4 |  4.8
Armour         | 3 |  3.0
Dodging        | 1 4 7 8 |  8.0
Fighting       | 4 5 |  5.0
Shields        | 4 6 |  6.7
Evocations     | 4 6 |  6.7
Maces & Flails | |  3.2

Action                   |  1- 3 |  4- 6 |  7- 9 | 10-12 || total
-------------------------+-------+-------+-------+-------++-------
Melee: Mace              |    15 |     8 |    61 |   141 ||   225
       Kick              |     3 |     3 |    16 |    58 ||    80
       Peck              |     1 |       |    11 |    32 ||    44
 Cast: Sting             |    70 |    63 |   206 |   654 ||   993
       Mephitic Cloud    |       |       |     5 |    70 ||    75
       Searing Ray       |       |       |       |    12 ||    12
       Lightning Bolt    |       |       |       |    14 ||    14
Evoke: Wand              |       |       |     2 |     3 ||     5
  Use: Potion            |       |     3 |       |       ||     3
       Scroll            |       |       |     7 |     6 ||    13
 Stab: Confused          |       |       |     1 |     4 ||     5
Armor: Leather armour    |    18 |       |       |       ||    18
       Ring mail         |       |    15 |    97 |   189 ||   301
Dodge: Dodged            |    20 |    28 |   124 |   415 ||   587
Block: Buckler           |       |       |     7 |    78 ||    85
       Kite shield       |       |       |       |     2 ||     2

Table legend: (Time is in decaauts)
 A = Elapsed time spent in this place.
 B = Non-inter-level travel time spent in this place.
 C = Inter-level travel time spent in this place.
 D = Time resting spent in this place.
 E = Time spent auto-exploring this place.
 F = Levels seen in this place.
 G = Mean time per level.
                   A        B        C        D        E       F      G
               +--------+--------+--------+--------+--------+-----+--------+
         Total |  20808 |  19783 |   1025 |   2853 |  12725 |  15 | 1387.2 |
       Dungeon |  16878 |  15997 |    881 |   2249 |  10661 |  11 | 1534.4 |
        Temple |    213 |    183 |     30 |      0 |    166 |   1 |  213.0 |
          Lair |     75 |     75 |      0 |      0 |     12 |   1 |   75.0 |
  Orcish Mines |   3641 |   3529 |    112 |    603 |   1885 |   2 | 1820.5 |
               +--------+--------+--------+--------+--------+-----+--------+

Top non-repeatable levels by time:
    D:10: 2687 daAuts
   Orc:2: 2163 daAuts
     D:6: 2127 daAuts
    D:11: 2071 daAuts
     D:8: 1671 daAuts
     D:9: 1638 daAuts
   Orc:1: 1478 daAuts
     D:1: 1441 daAuts
     D:5: 1280 daAuts
     D:2: 1242 daAuts
     D:4: 1057 daAuts
     D:7: 963 daAuts
     D:3: 696 daAuts
  Temple: 213 daAuts
  Lair:1: 75 daAuts
